 Dungeon Crawl Stone Soup version 0.26-a0-649-gf8c6c3aab7 (webtiles) character file.

Game seed: 11601661993489360851

4139 djmy96 the Protected (level 10, -3/76 HPs)
             Began as a Formicid Fighter on Sept 27, 2020.
             Was a Priest of Okawaru.
             Slain by a manticore (15 damage)
             ... on level 11 of the Dungeon.
             The game lasted 00:26:18 (13569 turns).

djmy96 the Protected (Formicid Fighter)            Turns: 13569, Time: 00:26:19

Health: -3/76      AC: 20    Str: 24    XL:     10   Next: 52%
Magic:  9/10       EV:  7    Int:  8    God:    Okawaru [***...]
Gold:   535        SH: 11    Dex: 10    Spells: 9/9 levels left

rFire    + + .     SeeInvis +   a - +0 long sword
rCold    . . .     Faith    .   c - +0 kite shield
rNeg     . . .     Spirit   .   w - +1 plate armour {rF+}
rPois    .         Reflect  .   (helmet unavailable)
rElec    .         Harm     .   f - scarf {+Inv}
rCorr    .         Rampage  .   F - +0 pair of gloves
MR       +....                  (no boots)
Stlth    ..........             (no amulet)
HPRegen  0.22/turn              D - ring of protection from fire
MPRegen  0.12/turn              s - +4 ring of protection

@: very slightly contaminated, invisible
A: permanent stasis, dig shafts and tunnels, four strong arms, antennae 3
a: Dig, Shaft Self, Heroism, Renounce Religion


You were on level 11 of the Dungeon.
You worshipped Okawaru.
Okawaru was most pleased with you.
You visited 1 branch of the dungeon, and saw 10 of its levels.

You collected 535 gold pieces.

Inventory:

Hand Weapons
 a - a +0 long sword (weapon)
 L - a +2 rapier of draining
Missiles
 g - 8 boomerangs
 y - 21 poisoned darts (quivered)
 M - a throwing net
Armour
 c - a +0 kite shield (worn)
 f - a scarf of invisibility (worn)
 w - a +1 plate armour of fire resistance (worn)
 F - a +0 pair of gloves (worn)
Jewellery
 e - a +6 ring of intelligence
 s - a +4 ring of protection (right hand)
 D - a ring of protection from fire (left hand)
 N - an uncursed ring of magical power {unknown}
Wands
 E - a wand of acid (8)
 G - a wand of flame (23)
 H - a wand of disintegration (26)
Scrolls
 h - 10 scrolls of identify {unknown}
 i - 7 scrolls of teleportation {unknown}
 l - 8 scrolls of fear {unknown}
 n - 3 scrolls of immolation {unknown}
 o - 2 scrolls of amnesia {unknown}
 p - 4 scrolls of enchant armour {unknown}
 q - 2 scrolls of magic mapping {unknown}
 r - 5 scrolls of fog {unknown}
 u - 3 scrolls of blinking {unknown}
 v - 6 scrolls of remove curse {unknown}
 B - a scroll of noise {unknown}
 J - a scroll of random uselessness {unknown}
Potions
 b - a potion of ambrosia {unknown}
 d - a potion of might
 j - 3 potions of heal wounds {unknown}
 k - 6 potions of curing
 m - 2 potions of mutation {unknown}
 t - 2 potions of lignification {unknown}
 x - 2 potions of flight {unknown}
 z - a potion of haste {unknown}
 A - 2 potions of cancellation {unknown}
 C - 2 potions of invisibility {unknown}
 I - a potion of stabbing {unknown}
 K - a potion of magic {unknown}


   Skills:
 + Level 5.9 Fighting
 + Level 7.6 Long Blades
 + Level 1.7 Throwing
 + Level 9.2 Armour
 + Level 1.4 Dodging
 + Level 7.3 Shields
 + Level 6.9 Evocations


You had 9 spell levels left.
You didn't know any spells.
Your spell library was empty.

Dungeon Overview and Level Annotations

Branches:
Dungeon (9/15)             Temple (0/1) D:7            Lair (0/6) D:8
    Orc: D:9-12

Altars:
Dithmenos
Fedhas
Gozag
Kikubaaqudgha
Makhleb
Okawaru
Ru
Trog
Wu Jian
Yredelemnul
Zin
The Shining One

Shops:
D:5 (   D:6 :   D:11 (


Innate Abilities, Weirdness & Mutations

You cannot be hasted, slowed, berserked, paralysed or teleported.
You can dig through walls and to a lower floor.
Your four strong arms can wield two-handed weapons with a shield.
You have a pair of large antennae on your head. (SInv)


Message History

Aiming: Disintegrate
Press: ? - help, Shift-Dir - straight line, f - manticore
Aim: a manticore (moderately wounded, chance to defeat MR: 73%)
Okay, then.
Evoke which item? (* to show all) (? for menu, Esc to quit)
Aiming: Disintegrate
Press: ? - help, Shift-Dir - straight line, f - manticore
Aim: a manticore (moderately wounded, chance to defeat MR: 73%)
The manticore struggles to resist.
The manticore bites you!
* * * LOW HITPOINT WARNING * * *
The manticore claws you but does no damage.
The manticore claws you.
* * * LOW HITPOINT WARNING * * *
Unknown command.
Evoke which item? (* to show all) (? for menu, Esc to quit)
Aiming: Disintegrate
Press: ? - help, Shift-Dir - straight line, f/p - manticore
Aim: a manticore (moderately wounded, chance to defeat MR: 73%)
The manticore struggles to resist.
The manticore bites you!
You die...

{ { ########## #.........
#### #.........
...###############.........
##..............@H.........
#################.........
#......... #.........
##+#######


You could see a manticore.

Vanquished Creatures
  Harold (D:8)
  2 two-headed ogres
  Sigmund (D:4)
  Eustachio (D:3)
  Menkaure (D:5)
  Edmund (D:5)
  An ice beast (D:6)
  4 ogres
  2 phantoms
  Blork the orc (D:4)
  A bullfrog (D:6)
  2 scorpions
  5 killer bees (D:5)
  A howler monkey (D:5)
  A centaur zombie (D:7)
  A bullfrog skeleton (D:7)
  2 hounds
  2 orc priests
  A worker ant (D:6)
  2 iguanas (D:5)
  3 orc wizards
  3 hound skeletons
  8 adders
  A shadow imp (D:7)
  An ooze (D:3)
  An adder zombie (D:5)
  3 adder skeletons
  4 leopard geckos
  23 orcs
  3 ball pythons
  5 bats
  2 giant cockroaches (D:1)
  7 goblins
  4 hobgoblins
  5 kobolds
  3 quokkas
  A ball python skeleton (D:4)
  5 frilled lizards
  2 gnoll zombies (D:6)
  A leopard gecko skeleton (D:4)
  A quokka zombie (D:5)
  11 rats
130 creatures vanquished.

Notes
Turn   | Place    | Note
-------+----------+-------------------------------------------
     0 | D:1      | djmy96 the Formicid Fighter began the quest for the Orb.
     0 | D:1      | Reached XP level 1. HP: 18/18 MP: 1/1
   212 | D:1      | Reached XP level 2. HP: 17/24 MP: 2/2
   582 | D:1      | Reached XP level 3. HP: 28/30 MP: 3/3
   884 | D:2      | Noticed a phantom
   900 | D:2      | Killed a phantom
   900 | D:2      | Reached skill level 4 in Armour
   900 | D:2      | Reached XP level 4. HP: 28/37 MP: 2/4
   900 | D:2      | Reached XP level 5. HP: 31/42 MP: 2/5
  1069 | D:2      | Reached skill level 1 in Dodging
  1162 | D:2      | Found a glowing silver altar of Zin.
  1162 | D:2      | Found a blossoming altar of Fedhas.
  2008 | D:3      | Reached XP level 6. HP: 41/48 MP: 6/6
  2140 | D:3      | Found an iron altar of Okawaru.
  2143 | D:3      | Became a worshipper of Warmaster Okawaru
  2337 | D:4      | Noticed Eustachio
  2495 | D:4      | Noticed Sigmund
  2495 | D:4      | Noticed a phantom
  2820 | D:4      | Noticed Blork the orc
  2958 | D:3      | You fall into a shaft and drop 3 floors!
  2999 | D:6      | Found a basalt altar of Yredelemnul.
  3179 | D:6      | Found Dagyad's Book Emporium.
  3571 | D:5      | Entered Level 5 of the Dungeon
  3874 | D:5      | Noticed Menkaure
  4044 | D:6      | Reached skill level 1 in Evocations
  4445 | D:5      | Found a shadowy altar of Dithmenos.
  4448 | D:5      | Noticed Edmund
  4457 | D:5      | You fall into a shaft and drop 2 floors!
  4567 | D:7      | Noticed an ice beast
  4594 | D:6      | Reached skill level 5 in Armour
  4594 | D:6      | Reached XP level 7. HP: 32/55 MP: 7/7
  4967 | D:7      | Reached skill level 5 in Shields
  5464 | D:7      | Found a staircase to the Ecumenical Temple.
  5520 | D:7      | Found a glowing golden altar of the Shining One.
  5605 | D:7      | Found a bloodstained altar of Trog.
  5890 | D:8      | Found a staircase to the Lair.
  5973 | D:8      | Noticed a two-headed ogre
  6444 | D:8      | Reached XP level 8. HP: 58/61 MP: 6/8
  6558 | D:8      | Reached * piety under Okawaru
  6637 | D:8      | Found an ancient bone altar of Kikubaaqudgha.
  6637 | D:8      | Noticed Harold
  6790 | D:5      | Killed Edmund
  6864 | D:5      | Reached skill level 5 in Long Blades
  7272 | D:5      | Reached skill level 1 in Throwing
  7538 | D:5      | Found Fohoinig's Antique Weapon Shoppe.
  7590 | D:5      | Killed Menkaure
  7590 | D:5      | Reached skill level 5 in Fighting
  7590 | D:5      | Reached skill level 5 in Evocations
  7758 | D:5      | Found a burning altar of Makhleb.
  7891 | D:5      | Found an opulent altar of Gozag.
  7935 | D:5      | Reached XP level 9. HP: 68/68 MP: 9/9
  8033 | D:4      | Reached skill level 6 in Armour
  8208 | D:4      | Killed Blork the orc
  8369 | D:4      | Reached ** piety under Okawaru
  8603 | D:4      | Killed Sigmund
  9138 | D:3      | Killed Eustachio
  9530 | D:3      | Found an iron altar of Okawaru.
 10583 | D:3      | Found an iron altar of Okawaru.
 11259 | D:5      | Found Fohoinig's Antique Weapon Shoppe.
 11468 | D:5      | Found an opulent altar of Gozag.
 11484 | D:5      | Found a shadowy altar of Dithmenos.
 11882 | D:5      | Found a burning altar of Makhleb.
 12423 | D:6      | Found Dagyad's Book Emporium.
 12474 | D:6      | Found a basalt altar of Yredelemnul.
 12574 | D:8      | Found a sacrificial altar of Ru.
 12610 | D:8      | Killed a two-headed ogre
 12610 | D:8      | Reached skill level 7 in Armour
 12610 | D:8      | Reached XP level 10. HP: 35/76 MP: 10/10
 12871 | D:8      | Killed Harold
 12871 | D:8      | Reached *** piety under Okawaru
 12871 | D:8      | Reached skill level 8 in Armour
 12970 | D:8      | Found an ornate altar of the Wu Jian Council.
 13041 | D:8      | Found an ornate altar of the Wu Jian Council.
 13189 | D:8      | Found an ancient bone altar of Kikubaaqudgha.
 13189 | D:8      | Found a sacrificial altar of Ru.
 13242 | D:8      | Found a staircase to the Lair.
 13374 | D:9      | You fall into a shaft and drop 2 floors!
 13374 | D:11     | Found Ceoseor's Antique Weapon Shoppe.
 13374 | D:11     | Noticed a two-headed ogre
 13392 | D:11     | Killed a two-headed ogre
 13392 | D:11     | Reached skill level 9 in Armour
 13548 | D:11     | Noticed a manticore
 13569 | D:11     | Slain by a manticore

Illustrated notes

Levels and vault maps discovered:
D:1:      ncdulo_wetmaze, layout_basic, chequers_serial_rivers_small_b
D:2:      layout_basic, gammafunk_temple_overflow_elements
D:3:      layout_loops_ring, okawaru_metal_pillars_1_2
D:4:      layout_basic, uniq_sigmund, uniq_eustachio, uniq_blork_the_orc
D:5:      layout_loops_corners, lemuel_doored_altar, nicolae_gozag_seed_capital,
          lightli_temple_of_fire, serial_shops, shop, uniq_edmund, uniq_menkaure
D:6:      layout_basic, lemuel_zombie_altar_yredelemnul, serial_shops, shop
D:7:      layout_cave_pools, lemuel_round_altar, temple_green,
          chequers_serial_rivers_micro_b, corexii_checkpoint_b,
          nicolae_tso_carved_into_rock
D:8:      layout_rooms, grunt_temple_overflow_open, kennysheep_mini_moat,
          lair_entry_dummy, feat_on_display, uniq_harold
D:9:      layout_stronghold, chequers_jeans
D:11:     layout_roguey, orc_0_dummy, serial_shops, nicolae_shop_behind_doors,
          shop, shop, nicolae_shop_crystal, nicolae_shop_stone

Skill      XL: |  1  2  3  4  5  6  7  8  9 10 |
---------------+-------------------------------+-----
Fighting       | 4 5 |  5.9
Long Blades    | 3 4 5 7 |  7.6
Armour         | 4 5 7 9 |  9.2
Shields        | 4 5 6 7 |  7.3
Dodging        | 1 |  1.4
Evocations     | 1 3 5 6 |  6.9
Throwing       | 1 |  1.7

Action                   |  1- 3 |  4- 6 |  7- 9 | 10-12 || total
-------------------------+-------+-------+-------+-------++-------
Melee: Long sword        |    88 |   238 |   311 |    40 ||   677
Throw: Dart              |       |       |    18 |       ||    18
       Boomerang         |       |       |     5 |       ||     5
 Abil: Evoke Invisibilit |     1 |    10 |    27 |     3 ||    41
       Dig               |       |     6 |     1 |       ||     7
       Shaft Self        |       |     2 |       |       ||     2
Evoke: Wand              |       |       |     6 |     6 ||    12
  Use: Potion            |       |       |     1 |       ||     1
 Stab: Invisible         |     1 |    10 |    25 |     5 ||    41
Armor: Scale mail        |    40 |    19 |       |       ||    59
       Plate armour      |       |   141 |   184 |    24 ||   349
Dodge: Dodged            |    33 |    48 |    77 |     8 ||   166
Block: Kite shield       |    42 |   155 |   160 |    17 ||   374
       Rpst.: Long sword |    10 |    19 |    22 |     2 ||    53

Table legend: (Time is in decaauts)
 A = Elapsed time spent in this place.
 B = Non-inter-level travel time spent in this place.
 C = Inter-level travel time spent in this place.
 D = Time resting spent in this place.
 E = Time spent auto-exploring this place.
 F = Levels seen in this place.
 G = Mean time per level.
                   A        B        C        D        E       F      G
               +--------+--------+--------+--------+--------+-----+--------+
         Total |  13815 |  13078 |    737 |    183 |  10621 |  10 | 1381.5 |
       Dungeon |  13815 |  13078 |    737 |    183 |  10621 |  10 | 1381.5 |
               +--------+--------+--------+--------+--------+-----+--------+

Top non-repeatable levels by time:
     D:5: 2472 daAuts
     D:3: 2395 daAuts
     D:4: 2384 daAuts
     D:6: 2084 daAuts
     D:8: 1625 daAuts
     D:7: 1169 daAuts
     D:1: 855 daAuts
     D:2: 620 daAuts
    D:11: 195 daAuts
     D:9: 10 daAuts
